 Dungeon Crawl Stone Soup version 0.23.0 (webtiles) character file.

Game seed: 10410387596312415146

194 night the Ruffian (level 5, 0/38 HPs)
             Began as a Demonspawn Gladiator on Feb 10, 2019.
             Slain by an iguana (5 damage)
             ... on level 4 of the Dungeon.
             The game lasted 00:05:55 (2750 turns).

night the Ruffian (Demonspawn Gladiator)            Turns: 2750, Time: 00:05:56

Health: 0/38       AC:  7    Str: 15    XL:     5   Next: 44%
Magic:  5/5        EV: 11    Int: 10    God:
Gold:   191        SH:  4    Dex: 14    Spells: 4/4 levels left

rFire    . . .     SeeInvis .     - Unarmed
rCold    . . .     Gourm    .   j - +0 buckler
rNeg     . . .     Faith    .   r - +0 ring mail
rPois    .         Spirit   .   (helmet restricted)
rElec    .         Reflect  .   C - +0 cloak
rCorr    .         Harm     .   (no gloves)
MR       .....                  (no boots)
Stlth    +.........             k - amulet of rage
HPRegen  0.12/turn              h - +1 ring of protection
MPRegen  0.09/turn              (no ring)

@: no status effects
A: horns 1, powered by death 1
a: Evoke Berserk Rage


You were on level 4 of the Dungeon.
You were not hungry.

You visited 1 branch of the dungeon, and saw 4 of its levels.

You collected 191 gold pieces.

Inventory:

Hand Weapons
 y - a +0 blowgun
Missiles
 c - 3 throwing nets (quivered)
 l - 88 stones
 w - 5 tomahawks
 x - 23 poisoned needles
 B - 24 sling bullets
Armour
 j - a +0 buckler (worn)
 r - a +0 ring mail (worn)
 C - a +0 cloak (worn)
Jewellery
 h - a +1 ring of protection (left hand)
 k - an amulet of rage (around neck)
 m - an uncursed amulet of guardian spirit {unknown}
Scrolls
 b - a scroll of fog {unknown}
 e - 2 scrolls of identify {unknown}
 f - a scroll of blinking {unknown}
 i - a scroll of fear {unknown}
 n - 2 scrolls of teleportation {unknown}
 o - a scroll of immolation {unknown}
 p - a scroll of remove curse {unknown}
 u - a scroll of noise {unknown}
 v - a scroll of random uselessness {unknown}
 z - a scroll of enchant weapon {unknown}
Potions
 g - 2 potions of haste {unknown}
 q - a potion of heal wounds {unknown}
 s - a potion of brilliance {unknown}
 t - a potion of curing {unknown}
 A - 2 potions of degeneration {unknown}
Comestibles
 a - 4 chunks of flesh
 d - 9 rations


   Skills:
 - Level 2.0 Fighting
 - Level 1.7 Throwing
 - Level 2.6 Dodging
 + Level 2.2 Shields
 * Level 5.0 Unarmed Combat


You had 4 spell levels left.
You didn't know any spells.
Your spell library was empty.

Dungeon Overview and Level Annotations

Branches:
Dungeon (4/15)
 Temple: D:4-7

Altars:
Elyvilon
Hepliaklqana
Qazlal
Ru
Wu Jian


Innate Abilities, Weirdness & Mutations

You have a pair of small horns on your head.
You regenerate a little health from kills.


Message History

You hit the iguana.
The iguana is moderately wounded.
The iguana barely misses you.
You closely miss the iguana.
The iguana is moderately wounded.
The iguana closely misses you.
You barely miss the iguana.
The iguana is moderately wounded.
The iguana bites you.
You hit the iguana. You headbutt the iguana.
The iguana is almost dead.
You hit the iguana but do no damage.
You headbutt the iguana, but do no damage.
The iguana is almost dead.
The iguana bites you!
* * * LOW HITPOINT WARNING * * *
You barely miss the iguana.
The iguana is almost dead.
The iguana bites you.
You die...

#)..##.......##......#####.
#...##.......###.#.### #.
#...##.......# #.#.#######.
.#####...##.##.#.## #.#.#.....#.
................#.####.#.#.....##
..........l.....#......#.......#
................#..#######.....#
######.....#.####..# #.....#
#.....#...l@..# #######
#.....#######.## ## #.....# #..#
##.######
#.......#######.#####.......#
#.#####.#................##.# #.
.#.##.#####..##<#..... #
######.######## ## #.....
#..รทรท.......#.+ #.....
#.####.####.#.#######.....


You could see an iguana.

Vanquished Creatures
  An iguana (D:4)
  2 worker ants (D:4)
  3 gnolls (D:4)
  3 adders
  An adder skeleton (D:4)
  2 worms
  A leopard gecko (D:1)
  8 orcs
  3 bats
  A giant cockroach (D:2)
  5 goblins
  5 hobgoblins
  6 jackals
  3 kobolds
  A ball python (D:1)
  5 frilled lizards
  4 rats
54 creatures vanquished.

Notes
Turn   | Place    | Note
-------+----------+-------------------------------------------
     0 | D:1      | night the Demonspawn Gladiator began the quest for the Orb.
     0 | D:1      | Reached XP level 1. HP: 16/16 MP: 1/1
    40 | D:1      | Reached skill level 3 in Unarmed Combat
   331 | D:1      | Gained mutation: You have a pair of small horns on your
                  | head. [demonic ancestry]
   331 | D:1      | Reached XP level 2. HP: 22/22 MP: 2/2
  1358 | D:2      | Reached XP level 3. HP: 26/27 MP: 3/3
  1535 | D:2      | Found a white marble altar of Elyvilon.
  1543 | D:2      | Found an ornate altar of the Wu Jian Council.
  1733 | D:3      | Reached skill level 1 in Shields
  1755 | D:3      | Reached skill level 4 in Unarmed Combat
  1967 | D:3      | Gained mutation: You regenerate a little health from kills.
                  | [demonic ancestry]
  1967 | D:3      | Reached XP level 4. HP: 27/33 MP: 4/4
  2270 | D:4      | Found a stormy altar of Qazlal.
  2546 | D:4      | Found a sacrificial altar of Ru.
  2692 | D:4      | Reached XP level 5. HP: 38/38 MP: 5/5
  2707 | D:4      | Found a hazy altar of Hepliaklqana.
  2733 | D:4      | Reached skill level 5 in Unarmed Combat
  2750 | D:4      | Slain by an iguana

Skill      XL: |  1  2  3  4  5 |
---------------+----------------+-----
Unarmed Combat | 3 4 5 |  5.0
Shields        | 1 2 |  2.2
Fighting       | |  2.0
Throwing       | |  1.7
Dodging        | |  2.6

Action                   |  1- 3 |  4- 6 || total
-------------------------+-------+-------++-------
Melee: Unarmed           |   122 |    79 ||   201
       Headbutt          |    12 |    21 ||    33
 Stab: Sleeping          |     2 |       ||     2
  Eat: Chunk             |     3 |     3 ||     6
Armor: Leather armour    |    19 |       ||    19
       Ring mail         |       |    10 ||    10
Dodge: Dodged            |    50 |    33 ||    83
Block: Buckler           |    10 |    13 ||    23
